 Dungeon Crawl Stone Soup version 0.30.1-9-gdf580d7c3d (webtiles) character file.

Game seed: 10182490828675489123

88 lonewolfV2 the Shield-Bearer (level 4, -9/37 HPs)
             Began as a Formicid Fighter on Sept 28, 2023.
             Mangled by a flayed ghost (26 damage)
             ... on level 1 of the Abyss.
             The game lasted 00:03:08 (1907 turns).

lonewolfV2 the Shield-Bearer (Formicid Fighter)     Turns: 1907, Time: 00:03:09

Health: -9/37      AC:  7    Str: 22    XL:     4   Next: 82%
Magic:  4/4        EV:  8    Int:  8    God:
Gold:   105        SH: 11    Dex: 13    Spells: 3/3 levels left

rFire   . . .        a - +1 war axe
rCold   . . .        j - +2 kite shield
rNeg    . . .        b - +0 scale mail
rPois   .            (helmet unavailable)
rElec   .            (no cloak)
rCorr   .            (no gloves)
SInv    +            (no boots)
Will    .....        (no amulet) Stlth
                     (no ring)
HPRegen 0.26/turn    (no ring)
MPRegen 0.09/turn

%: no passive effects
@: mighty, flayed
A: permanent stasis, dig shafts and tunnels, antennae 3, four strong arms
a: Dig, Shaft Self


You were on level 1 of the Abyss.
You visited 1 branch of the dungeon, and saw 3 of its levels.
You visited the Abyss 1 time.

You collected 105 gold pieces.

Inventory:

Hand Weapons
 a - a +1 war axe (weapon)
Armour
 b - a +0 scale mail (worn)
 c - a +0 buckler
 j - a +2 kite shield (worn)
Scrolls
 f - 2 scrolls of magic mapping
 k - a scroll of fear
Potions
 e - 2 potions of haste
 g - a potion of degeneration
 h - a potion of magic {unknown}
 i - a potion of heal wounds {unknown}
 l - 2 potions of curing
 m - a potion of lignification {unknown}


   Skills:
 + Level 3.8 Fighting
 + Level 3.0 Axes
 + Level 3.7 Armour
 + Level 0.3 Dodging
 + Level 0.5 Stealth
 + Level 5.0 Shields


You had 3 spell levels left.
You didn't know any spells.
Your spell library contained the following spells:

 Spells                   Type           Power      Damage    Failure   Level
 Apportation              Tloc           0%         N/A       94%         1
 Necrotise                Necr           0%         1d4       94%         1
 Summon Small Mammal      Summ           0%         N/A       94%         1


Dungeon Overview and Level Annotations

Branches:
Dungeon (3/15)

Altars:
Lugonu

Portals:
Abyss: D:3


Innate Abilities, Weirdness & Mutations

You cannot be hasted, slowed, berserked, paralysed or teleported.
You can dig through walls and to a lower floor.
You have a pair of large antennae on your head. (SInv)
Your four strong arms can wield two-handed weapons with a shield.


Message History

You closely miss the kobold.
The kobold hits you with a +0 short sword.
You hit the kobold.
You kill the kobold!
Unknown command.
Items here: ))) †.
There is a corrupted altar of Lugonu here.
You kneel at the altar of Lugonu.
There is a one-way gate to the infinite horrors of the Abyss here.
If you enter this portal you might not be able to return immediately.
Continue?
This branch contains the abyssal rune of Zot.
Beware, you cannot shaft yourself on this level.
A flayed ghost bursts from nowhere.
You feel very mighty all of a sudden.
Read: scroll of fear
Press: ? - help, Q - select action, (/) - cycle Dir - look around, f - activate
Okay, then.
You hit the flayed ghost.
The flayed ghost is lightly damaged.
You block the flayed ghost's attack.
You slash the flayed ghost!
The flayed ghost is lightly damaged.
The flayed ghost hits you!
The flayed ghost hits you but does no damage.
You hit the flayed ghost.
The flayed ghost is lightly damaged.
You block the flayed ghost's attack.
You closely miss the flayed ghost.
The flayed ghost is lightly damaged.
You block the flayed ghost's attack.
You slash the flayed ghost!
The flayed ghost is moderately damaged.
The flayed ghost cries, "Suffer as I suffered!"
Terrible wounds open up all over your body!
The flayed ghost closely misses you.
You slice the flayed ghost!!
The flayed ghost is severely damaged.
The flayed ghost hits you!!
Ouch! That really hurt!
You die...

#.....## # ...#.#
#. ..#####.#.# ...
........# ##....
##. ..... .#....
#.......##......
#...... .........
. #.....##........
. #.#..#..@W......
.................
.. ...............
..................
.................
#......##......
#...... ......
....... ......


You could see a flayed ghost.

Vanquished Creatures
  3 adders
  A worm (D:2)
  A dart slug (D:2)
  4 orcs
  3 ball pythons
  4 endoplasms
  2 giant cockroaches
  4 goblins
  6 hobgoblins
  3 jackals (D:2)
  2 quokkas
  4 bats
  8 kobolds
  A rat (D:3)
  A spectral hobgoblin (D:3)
47 creatures vanquished.

Notes
Turn   | Place    | Note
-------+----------+-------------------------------------------
     0 | D:1      | lonewolfV2 the Formicid Fighter began the quest for the
                  | Orb.
     0 | D:1      | Reached XP level 1. HP: 18/18 MP: 1/1
   149 | D:1      | Reached XP level 2. HP: 23/24 MP: 2/2
   662 | D:2      | Reached XP level 3. HP: 30/30 MP: 3/3
  1099 | D:2      | Reached XP level 4. HP: 35/37 MP: 4/4
  1591 | D:3      | Found a faded altar of an unknown god.
  1744 | D:3      | Found a large runed translucent door.
  1744 | D:3      | Found a large runed translucent door.
  1748 | D:3      | Found a corrupted altar of Lugonu.
  1830 | D:3      | Found a one-way gate to the infinite horrors of the Abyss.
  1873 | D:3      | Reached skill level 5 in Shields
  1891 | D:3      | Voluntarily entered the Abyss.
  1899 | Abyss:1  | Noticed a flayed ghost
  1907 | Abyss:1  | Mangled by a flayed ghost

Illustrated notes

Levels and vault maps discovered:
D:1:      dpeg_arrival_renting, layout_basic, minmay_heptomino_l4
D:2:      layout_loops_ring, minmay_misc_feat_x
D:3:      due_chaos_kobolds, layout_loops_ring,
          dreamdust_ecumenical_altar_drowned_temple, minmay_misc_feat_cross
Abyss:1:  base:
Temple

Skill      XL: |  1  2  3  4 |
---------------+-------------+-----
Axes           | 3 |  3.0
Shields        | 5 |  5.0
Fighting       | |  3.8
Armour         | |  3.7
Dodging        | |  0.3
Stealth        | |  0.5

Action                     |  1- 3 |  4- 6 || total
---------------------------+-------+-------++-------
  Melee: War axe           |    67 |    60 ||   127
    Use: Scroll            |     5 |     4 ||     9
         Potion            |       |     1 ||     1
 Armour: Scale mail        |    34 |    18 ||    52
  Dodge: Dodged            |    25 |    13 ||    38
  Block: Buckler           |     7 |       ||     7
         Kite shield       |    29 |    41 ||    70
